 Dungeon Crawl Stone Soup version 0.17-a0-2231-gd80ca38 (webtiles) character file.

35 Raultor the Grave Robber (level 3, -1/19 HPs)
             Began as a Tengu Necromancer on Oct 29, 2015.
             Slain by a worm (6 damage)
             ... on level 2 of the Dungeon.
             The game lasted 00:07:55 (1628 turns).

Raultor the Grave Robber (Tengu Necromancer)        Turns: 1628, Time: 00:07:56

Health: -1/19      AC:  2    Str:  8    XL:     3   Next: 35%
Magic:  0/7        EV: 12    Int: 16    God:
Gold:   88         SH:  0    Dex: 14    Spells: 3 memorised, 1 level left

rFire  . . .     SeeInvis .     e - +0 dagger
rCold  . . .     Clarity  .     a - +0 robe
rNeg   . . .     SustAt   .     (no shield)
rPois  .         Gourm    .     (helmet restricted)
rElec  .         Spirit   .     (no cloak)
rCorr  .         Warding  .     (no gloves)
rMut   .         Stasis   .     (boots unavailable)
MR     .....                    (no amulet)
Stlth  ++........               (no ring)
                                (no ring)

@: not resistant to hostile enchantments, unstealthy
A: beak, talons 3
a: no special abilities


You were on level 2 of the Dungeon.
You were not hungry.

You visited 1 branch of the dungeon, and saw 2 of its levels.

You collected 88 gold pieces.

Inventory:

Hand Weapons
 e - a +0 dagger (weapon)
Armour
 a - a +0 robe (worn)
Jewellery
 j - an uncursed amulet of warding {unknown}
Scrolls
 d - a scroll of teleportation {unknown}
 f - 3 scrolls of remove curse {unknown}
 g - a scroll of enchant weapon {unknown}
 i - a scroll of immolation {unknown}
 k - a scroll of fog {unknown}
 l - a scroll of identify {unknown}
Potions
 h - a potion of heal wounds {unknown}
Books
 b - a book of Necromancy

   Spells                             Type                      Level
   a - Pain                           Necromancy                   1
   b - Animate Skeleton               Necromancy                   1
   c - Vampiric Draining              Necromancy                   3
   d - Regeneration                   Charms/Necromancy            3
   e - Animate Dead                   Necromancy                   4
   f - Control Undead                 Necromancy                   4
Comestibles
 c - a bread ration
 m - 2 fruits


   Skills:
 - Level 2.1 Dodging
 - Level 2.0 Stealth
 - Level 2.0 Spellcasting
 * Level 5.5 Necromancy


You had one spell level left.
You knew the following spells:

 Your Spells              Type           Power        Failure   Level  Hunger
a - Pain                  Necr           ###.         1%          1    #......
b - Animate Skeleton      Necr           N/A          1%          1    #......
c - Vampiric Draining     Necr           ###.......   8%          3    ###....


Dungeon Overview and Level Annotations

Branches:
Dungeon (2/15)

Altars:
Cheibriados


Innate Abilities, Weirdness & Mutations

You have a beak for a mouth.
You have claws for feet.


Message History

The worm barely resists.
Casting: Pain
Confirm with . or Enter, or press ? or * to list all spells.
Aiming: Pain
Press: ? - help, Shift-Dir - straight line, f/p - worm
Aim: a worm (lightly wounded, chance to defeat MR: 84%)
The worm convulses in agony!
Casting: Pain
Confirm with . or Enter, or press ? or * to list all spells.
Aiming: Pain
Press: ? - help, Shift-Dir - straight line, f/p - worm
Aim: a worm (lightly wounded, chance to defeat MR: 84%)
The worm convulses in agony!
The worm bites you.
* * * LOW HITPOINT WARNING * * *
Your rat skeleton bites the worm.
You hit the worm. You claw the worm.
The worm is heavily wounded.
The worm bites you.
You die...

###### .. #....#..
#..$.#. #.....
##....###..
####..........#...
#.......?........
###w####...... #
##..@Z.##.#.#..
#.#.......#.#.#>#
#.#.......#...#.#
#....._.......#.#
#.#.......#...#.##
#.#.......#.#....# .
##.....##....#.#
#..####.####....#.###
#...............#...####


You could see a worm and a friendly rat skeleton.

Vanquished Creatures
  A worm (D:1)
  4 giant geckos
  A goblin (D:1)
  5 hobgoblins (D:1)
  3 bats (D:1)
  4 giant cockroaches
  2 giant newts (D:1)
  2 kobolds (D:1)
  5 rats
27 creatures vanquished.

Vanquished Creatures (collateral kills)
  A ball python (D:1)
1 creature vanquished.

Grand Total: 28 creatures vanquished

Notes
Turn   | Place    | Note
--------------------------------------------------------------
     0 | D:1      | Raultor the Tengu Necromancer began the quest for the Orb.
     0 | D:1      | Reached XP level 1. HP: 10/10 MP: 4/4
    46 | D:1      | Learned a level 1 spell: Animate Skeleton
   186 | D:1      | Reached XP level 2. HP: 3/15 MP: 0/6
   495 | D:1      | Reached skill level 5 in Necromancy
  1156 | D:1      | Reached XP level 3. HP: 5/19 MP: 5/7
  1494 | D:1      | Learned a level 3 spell: Vampiric Draining
  1592 | D:2      | Found a snail-covered altar of Cheibriados.
  1628 | D:2      | Slain by a worm

Vault maps used:
D:1:      roderic_octagonal_star, wad_floor_pattern_1, minmay_misc_feat_square
D:2:      old_standard_altar, lemuel_crystal_altar,
          nicolae_ru_sacrificial_ziggurat, kennysheep_generic_room_7

Action                   || total
-------------------------++-------
Melee: Dagger            ||    74
       Unarmed           ||     3
 Cast: Pain              ||    21
       Animate Skeleton  ||     9
       Vampiric Draining ||     2
 Stab: Distracted        ||     2
  Eat: Chunk             ||     3
